BR
ATLANTIC CITY WAR DOGS @ WASHINGTON DC HOT SAUCE
07/18/2026
 
TOP OF THE 1ST
Boise White Sox batting - Pitching for Washington DC Hot Sauce : RHP Carlos Madraso
Pitching: RHP Carlos Madraso
Batting: SHB António Ramos 0-0: SINGLE (Groundball, 34)
Batting: RHB Armando Vega 0-0: DOUBLE (Flyball, 89D)
António Ramos to third
Runner from 3rd tries for Home, SAFE, no throw or cutoff
Batting: LHB Jorge Martínez 0-0: Reached on error, E4 (Groundball, 4)
Armando Vega to third
Batting: RHB Roberto Ybarra 0-0: Ball
1-0: Foul Ball, location: 2F
1-1: Called Strike
1-2: Ball
2-2: Foul Ball, location: 2F
2-2: Ball
3-2: Strikes out swinging
Jorge Martínez steals 2nd base
Batter strikes out.
Batting: RHB Marcos Liñares 0-0: Called Strike
0-1: SINGLE (Groundball, 56D)
Armando Vega scores
Jorge Martínez to third
Runner from 3rd tries for Home, SAFE, no throw or cutoff
Batting: RHB Bill Spence 0-0: Ball
1-0: Ground out U3 (Groundball, 3S)
Marcos Liñares to second
Batting: RHB Armando Bernard 0-0: Ball
1-0: Ball
2-0: Foul Ball, location: 2F
2-1: Ground out 6-3 (Groundball, 6)
Top of the 1st over - 3 run(s), 3 hit(s), 1 error(s), 1 left on base; Boise 3 - Washington DC 0
BOTTOM OF THE 1ST
Washington DC Hot Sauce batting - Pitching for Boise White Sox : LHP Ramón Cardenas
Pitching: LHP Ramón Cardenas
Batting: RHB Javier González 0-0: Called Strike
0-1: Ball
1-1: Ball
2-1: Ball
3-1: Foul Ball, location: 2F
3-2: Strikes out looking
Batting: LHB John White 0-0: Ball
Single, Error in OF, E9, batter to second base
Batting: SHB Tony Varela 0-0: Foul Ball, location: 2F
0-1: Ball
1-1: Swinging Strike
1-2: Foul Ball, location: 2F
1-2: Foul Ball, location: 2F
1-2: Ball
2-2: Strikes out swinging
Batting: RHB Jesús Ramírez 0-0: Ball
1-0: Ball
2-0: Called Strike
2-1: Ball
3-1: Foul Ball, location: 2F
3-2: Ground out 6-3 (Groundball, 56)
Bottom of the 1st over - 0 run(s), 1 hit(s), 1 error(s), 1 left on base; Boise 3 - Washington DC 0
TOP OF THE 2ND
Boise White Sox batting - Pitching for Washington DC Hot Sauce : RHP Carlos Madraso
Batting: SHB Joey Boyd 0-0: Called Strike
0-1: Foul Ball, location: 2F
0-2: Foul Ball, location: 2F
0-2: SINGLE (Line Drive, 6MD)
Batting: RHB Don Jackson 0-0: Called Strike
0-1: Ball
1-1: Bunted foul
1-2: Foul Ball, location: 2F
1-2: DOUBLE (Flyball, 8RM)
Joey Boyd to third
Batting: SHB António Ramos 0-0: Called Strike
0-1: Ball
1-1: Ball
2-1: Ball
3-1: Base on Balls
Batting: RHB Armando Vega 0-0: Foul Ball, location: 2F
0-1: Foul Ball, location: 2F
0-2: Fly out, F9 (Flyball, 89M)
Runner from 3rd tags up, SCORES, no throw
Batting: LHB Jorge Martínez 0-0: Ball
1-0: Fielders Choice at 2nd, 4-6 (Groundball, 34)
Don Jackson to third
Batting: RHB Roberto Ybarra 0-0: Ball
1-0: Ball
2-0: Called Strike
2-1: Foul Ball, location: 2F
2-2: SINGLE (Groundball, 56D)
Don Jackson scores
Jorge Martínez to second
Runner from 2nd tries for 3rd, SAFE, no throw or cutoff
Batting: RHB Marcos Liñares 0-0: Fly out, F9 (Flyball, 9LM)
Top of the 2nd over - 2 run(s), 3 hit(s), 0 error(s), 2 left on base; Boise 5 - Washington DC 0
BOTTOM OF THE 2ND
Washington DC Hot Sauce batting - Pitching for Boise White Sox : LHP Ramón Cardenas
Batting: RHB Jake Reeves 0-0: Called Strike
0-1: Ball
1-1: Called Strike
1-2: Fly out, F9 (Flyball, 89S)
Batting: RHB Conner Riley 0-0: Called Strike
0-1: Fly out, F5 (Popup, 5SF)
Batting: RHB Manuel Martínez 0-0: Called Strike
0-1: Fly out, F9 (Flyball, 89M)
Bottom of the 2nd over - 0 run(s), 0 hit(s), 0 error(s), 0 left on base; Boise 5 - Washington DC 0
TOP OF THE 3RD
Boise White Sox batting - Pitching for Washington DC Hot Sauce : RHP Carlos Madraso
Batting: RHB Bill Spence 0-0: Ball
1-0: Ball
2-0: SINGLE (Flyball, 89S)
Batting: RHB Armando Bernard 0-0: Called Strike
0-1: Ball
1-1: Swinging Strike
1-2: Ball
2-2: Fly out, F7 (Flyball, 7M)
Batting: SHB Joey Boyd 0-0: Swinging Strike
0-1: Swinging Strike
0-2: Strikes out looking
Batting: RHB Don Jackson 0-0: Called Strike
0-1: Foul Ball, location: 2F
0-2: Ball
1-2: Strikes out looking
Top of the 3rd over - 0 run(s), 1 hit(s), 0 error(s), 1 left on base; Boise 5 - Washington DC 0
BOTTOM OF THE 3RD
Washington DC Hot Sauce batting - Pitching for Boise White Sox : LHP Ramón Cardenas
Batting: RHB Will David 0-0: Fly out, F8 (Flyball, 8LS)
Batting: LHB Esteban Zamora 0-0: Called Strike
0-1: Ball
1-1: Foul Ball, location: 2F
1-2: Ball
2-2: Foul Ball, location: 2F
2-2: Fly out, F8 (Line Drive, 8RM)
Batting: RHB Javier González 0-0: Ball
1-0: Ball
2-0: Swinging Strike
2-1: Ball
3-1: Base on Balls
Batting: LHB John White 0-0: SINGLE (Line Drive, 4D)
Javier González to second
Batting: SHB Tony Varela 0-0: SINGLE (Line Drive, 8LS)
Javier González to third
John White to second
Runner from 3rd tries for Home, SAFE, no throw or cutoff
Batting: RHB Jesús Ramírez 0-0: Ball
1-0: Ball
2-0: Called Strike
2-1: Fly out, F9 (Flyball, 89D)
Bottom of the 3rd over - 1 run(s), 2 hit(s), 0 error(s), 2 left on base; Boise 5 - Washington DC 1
TOP OF THE 4TH
Boise White Sox batting - Pitching for Washington DC Hot Sauce : RHP Carlos Madraso
Batting: SHB António Ramos 0-0: Fly out, F8 (Line Drive, 8LS)
Batting: RHB Armando Vega 0-0: Ball
1-0: Ball
2-0: Ball
3-0: Base on Balls
Batting: LHB Jorge Martínez 0-0: Ball
1-0: Ball
2-0: Called Strike
2-1: Foul Ball, location: 2F
2-2: Fly out, F9 (Flyball, 89M)
Batting: RHB Roberto Ybarra 0-0: Called Strike
0-1: Ball
1-1: Called Strike
1-2: Ball
2-2: Ball
3-2: Fly out, F9 (Flyball, 9S)
Top of the 4th over - 0 run(s), 0 hit(s), 0 error(s), 1 left on base; Boise 5 - Washington DC 1
BOTTOM OF THE 4TH
Washington DC Hot Sauce batting - Pitching for Boise White Sox : LHP Ramón Cardenas
Batting: RHB Jake Reeves 0-0: Ball
1-0: Foul Ball, location: 2F
1-1: Swinging Strike
1-2: DOUBLE (Line Drive, 8LM)
Batting: RHB Conner Riley 0-0: Ball
1-0: Called Strike
1-1: Called Strike
1-2: Foul Ball, location: 2F
1-2: Strikes out swinging
Batting: RHB Manuel Martínez 0-0: Called Strike
0-1: Ball
1-1: SINGLE (Line Drive, 7S)
Jake Reeves to third
Runner from 3rd tries for Home, SAFE, no throw or cutoff
Batting: RHB Will David 0-0: Ball
1-0: Foul Ball, location: 2F
1-1: Foul Ball, location: 2F
1-2: Foul Ball, location: 2F
1-2: SINGLE (Line Drive, 6MD)
Manuel Martínez to second
Batting: LHB Esteban Zamora 0-0: Ball
1-0: Foul Ball, location: 2F
1-1: Ball
2-1: Swinging Strike
2-2: Strikes out swinging
Batting: RHB Javier González 0-0: Called Strike
0-1: Foul Ball, location: 2F
0-2: Ball
1-2: Ball
2-2: Ground out 6-3 (Groundball, 6)
Bottom of the 4th over - 1 run(s), 3 hit(s), 0 error(s), 2 left on base; Boise 5 - Washington DC 2
TOP OF THE 5TH
Boise White Sox batting - Pitching for Washington DC Hot Sauce : RHP Carlos Madraso
Batting: RHB Marcos Liñares 0-0: Called Strike
0-1: Ball
1-1: Foul Ball, location: 2F
1-2: Fly out, F9 (Flyball, 89M)
Batting: RHB Bill Spence 0-0: Foul Ball, location: 2F
0-1: Called Strike
0-2: Foul Ball, location: 2F
0-2: Ball
1-2: Foul Ball, location: 2F
1-2: Strikes out swinging
Batting: RHB Armando Bernard 0-0: Called Strike
0-1: SINGLE (Flyball, 34D)
Pitching: RHP Chet Miller
Batting: SHB Joey Boyd 0-0: Ball
1-0: Called Strike
1-1: Ball
2-1: Reached on error, E4 (Groundball, 4)
Armando Bernard to second
Batting: RHB Don Jackson 0-0: SINGLE (Line Drive, 6MD)
Armando Bernard to third
Joey Boyd to second
Runner from 3rd tries for Home, SAFE, no throw or cutoff
Batting: SHB António Ramos 0-0: Called Strike
0-1: Ball
1-1: Foul Ball, location: 2F
1-2: Strikes out swinging
Top of the 5th over - 1 run(s), 2 hit(s), 1 error(s), 2 left on base; Boise 6 - Washington DC 2
BOTTOM OF THE 5TH
Washington DC Hot Sauce batting - Pitching for Boise White Sox : LHP Ramón Cardenas
Batting: LHB John White 0-0: Ball
1-0: Ball
2-0: Swinging Strike
2-1: Foul Ball, location: 2F
2-2: Foul Ball, location: 2F
2-2: Foul Ball, location: 2F
2-2: Foul Ball, location: 2F
2-2: Strikes out swinging
Pitching: RHP Pedro Luque
Batting: SHB Tony Varela 0-0: Foul Ball, location: 2F
0-1: Called Strike
0-2: Ball
1-2: Foul Ball, location: 2F
1-2: Fly out, F7 (Flyball, 78S)
Batting: RHB Jesús Ramírez 0-0: Foul Ball, location: 2F
0-1: Swinging Strike
0-2: Ball
1-2: Foul Ball, location: 2F
1-2: Strikes out looking
Bottom of the 5th over - 0 run(s), 0 hit(s), 0 error(s), 0 left on base; Boise 6 - Washington DC 2
TOP OF THE 6TH
Boise White Sox batting - Pitching for Washington DC Hot Sauce : RHP Chet Miller
Batting: RHB Armando Vega 0-0: Ball
1-0: Called Strike
1-1: Ball
2-1: Foul Ball, location: 2F
2-2: Foul Ball, location: 2F
2-2: Fly out, F9 (Flyball, 89S)
Batting: LHB Jorge Martínez 0-0: Called Strike
0-1: Foul Ball, location: 2F
0-2: Ball
1-2: Strikes out looking
Batting: RHB Roberto Ybarra 0-0: Foul Ball, location: 2F
0-1: Ball
1-1: Swinging Strike
1-2: Fly out, F7 (Flyball, 7D)
Top of the 6th over - 0 run(s), 0 hit(s), 0 error(s), 0 left on base; Boise 6 - Washington DC 2
BOTTOM OF THE 6TH
Washington DC Hot Sauce batting - Pitching for Boise White Sox : RHP Pedro Luque
Batting: RHB Jake Reeves 0-0: Ball
1-0: Fly out, F9 (Flyball, 9LD)
Batting: RHB Conner Riley 0-0: Called Strike
0-1: Ball
1-1: Fly out, F8 (Flyball, 8RM)
Batting: RHB Manuel Martínez 0-0: Ball
1-0: Swinging Strike
1-1: Called Strike
1-2: SINGLE (Groundball, 56)
Batting: RHB Will David 0-0: Ball
1-0: Called Strike
1-1: Ball
2-1: Ball
3-1: Foul Ball, location: 2F
3-2: Ground out 4-3 (Groundball, 4)
Bottom of the 6th over - 0 run(s), 1 hit(s), 0 error(s), 1 left on base; Boise 6 - Washington DC 2
TOP OF THE 7TH
Boise White Sox batting - Pitching for Washington DC Hot Sauce : RHP Chet Miller
Batting: RHB Marcos Liñares 0-0: Ball
1-0: Swinging Strike
1-1: Ball
2-1: Foul Ball, location: 2F
2-2: Foul Ball, location: 2F
2-2: Ground out 3-1 (Groundball, 3L)
Batting: RHB Bill Spence 0-0: Ball
1-0: Ball
2-0: Foul Ball, location: 2F
2-1: Foul Ball, location: 2F
2-2: Foul Ball, location: 2F
2-2: Strikes out swinging
Batting: RHB Armando Bernard 0-0: Ground out 6-3 (Groundball, 6M)
Top of the 7th over - 0 run(s), 0 hit(s), 0 error(s), 0 left on base; Boise 6 - Washington DC 2
BOTTOM OF THE 7TH
Washington DC Hot Sauce batting - Pitching for Boise White Sox : RHP Pedro Luque
Batting: LHB Esteban Zamora 0-0: Ball
1-0: Fly out, F5 (Popup, 5DF)
Pitching: RHP Edward Robinson
Batting: RHB Javier González 0-0: Called Strike
0-1: Foul Ball, location: 2F
0-2: Ball
1-2: Strikes out swinging
Batting: LHB John White 0-0: Ball
1-0: Foul Ball, location: 2F
1-1: Fly out, F7 (Flyball, 7LM)
Bottom of the 7th over - 0 run(s), 0 hit(s), 0 error(s), 0 left on base; Boise 6 - Washington DC 2
TOP OF THE 8TH
Boise White Sox batting - Pitching for Washington DC Hot Sauce : RHP Chet Miller
Pitching: LHP Brett French
Batting: SHB Joey Boyd 0-0: Called Strike
0-1: Ground out 1-3 (Groundball, 25)
Batting: RHB Don Jackson 0-0: Ball
1-0: Swinging Strike
1-1: Called Strike
1-2: Foul Ball, location: 2F
1-2: Strikes out swinging
Batting: SHB António Ramos 0-0: Ball
1-0: Ball
2-0: Called Strike
2-1: Swinging Strike
2-2: Fly out, F8 (Flyball, 8RM)
Top of the 8th over - 0 run(s), 0 hit(s), 0 error(s), 0 left on base; Boise 6 - Washington DC 2
BOTTOM OF THE 8TH
Washington DC Hot Sauce batting - Pitching for Boise White Sox : RHP Edward Robinson
Batting: SHB Tony Varela 0-0: Ball
1-0: Ball
2-0: Called Strike
2-1: Swinging Strike
2-2: Strikes out swinging
Batting: RHB Jesús Ramírez 0-0: Ball
1-0: Ball
2-0: Swinging Strike
2-1: Ball
3-1: Base on Balls
Batting: RHB Jake Reeves 0-0: Ball
1-0: Ball
2-0: Ball
3-0: Base on Balls
Jesús Ramírez to second
Batting: RHB Conner Riley 0-0: Ball
1-0: Ball
2-0: Ball
3-0: Called Strike
3-1: Swinging Strike
3-2: Foul Ball, location: 2F
3-2: Strikes out swinging
Batting: RHB Manuel Martínez 0-0: Called Strike
0-1: Called Strike
0-2: Foul Ball, location: 2F
0-2: DOUBLE (Line Drive, 7D)
Jesús Ramírez scores
Jake Reeves to third
Batting: RHB Will David 0-0: Fly out, F3 (Popup, 3SF)
Bottom of the 8th over - 1 run(s), 1 hit(s), 0 error(s), 2 left on base; Boise 6 - Washington DC 3
TOP OF THE 9TH
Boise White Sox batting - Pitching for Washington DC Hot Sauce : LHP Brett French
Batting: RHB Armando Vega 0-0: Called Strike
0-1: Called Strike
0-2: Ground out 4-3 (Groundball, 4)
Batting: LHB Jorge Martínez 0-0: Foul Ball, location: 2F
0-1: Foul Ball, location: 2F
0-2: Strikes out swinging
Batting: RHB Roberto Ybarra 0-0: Called Strike
0-1: Foul Ball, location: 2F
0-2: Ball
1-2: Strikes out looking
Top of the 9th over - 0 run(s), 0 hit(s), 0 error(s), 0 left on base; Boise 6 - Washington DC 3
BOTTOM OF THE 9TH
Washington DC Hot Sauce batting - Pitching for Boise White Sox : RHP Edward Robinson
Pitching: RHP Juan Figueroa
Batting: LHB Esteban Zamora 0-0: Called Strike
0-1: Ball
1-1: DOUBLE (Flyball, 7LM)
Batting: RHB Javier González 0-0: SINGLE (Groundball, 6MD)
Esteban Zamora to third
Runner from 3rd tries for Home, SAFE, throw made home
Javier González to second
Batting: LHB John White 0-0: Ball
1-0: Ball
2-0: Called Strike
2-1: Ball
3-1: Swinging Strike
3-2: Base on Balls
Batting: SHB Tony Varela 0-0: Ball
1-0: Foul Ball, location: 2F
1-1: Ground out 4-3 (Groundball, 4M)
Javier González to third
John White to second
Batting: RHB Jesús Ramírez 0-0: Foul Ball, location: 2F
0-1: Foul Ball, location: 2F
0-2: Foul Ball, location: 2F
0-2: Foul Ball, location: 2F
0-2: Ball
1-2: Ball
2-2: Strikes out swinging
Pinch Hitting: LHB Arturo Silva 0-0: Ball
1-0: Ball
2-0: Ball
3-0: Base on Balls
Pinch Hitting: LHB Roderick Delgado 0-0: Called Strike
0-1: Ball
1-1: Ball
2-1: SINGLE (Groundball, 34D)
Javier González scores
John White to third
Arturo Silva to second
Runner from 3rd tries for Home, SAFE, throw made home
Arturo Silva to third
Roderick Delgado to second
Pitching: RHP Mike Alexander
Pinch Hitting: RHB Matt O'Rourke 0-0: Called Strike
0-1: Foul Ball, location: 2F
0-2: Ball
1-2: Strikes out swinging
Bottom of the 9th over - 3 run(s), 3 hit(s), 0 error(s), 2 left on base; Boise 6 - Washington DC 6
TOP OF THE 10TH
Boise White Sox batting - Pitching for Washington DC Hot Sauce : LHP Brett French
Pitching: RHP Chris Jacobs
Now at C: Arturo Silva
Now at 3B: Juan Vélez
Now at SS: Matt O'Rourke
Batting: RHB Marcos Liñares 0-0: Ball
1-0: Foul Ball, location: 2F
1-1: Fly out, F8 (Flyball, 8RM)
Pinch Hitting: SHB Norberto Muñóz 0-0: Ball
1-0: Foul Ball, location: 2F
1-1: Called Strike
1-2: Strikes out looking
Pinch Hitting: RHB Robert Koremans 0-0: SINGLE (Line Drive, 8LS)
Pinch Runner at 1st Don Miller:
Pinch Hitting: RHB Pascal Bolzoni 0-0: Ball
1-0: Called Strike
1-1: Ball
2-1: Ball
3-1: Ground out 6-3 (Groundball, 6)
Top of the 10th over - 0 run(s), 1 hit(s), 0 error(s), 1 left on base; Boise 6 - Washington DC 6
BOTTOM OF THE 10TH
Washington DC Hot Sauce batting - Pitching for Boise White Sox : RHP Mike Alexander
Now at C: Bennie McGrath
Now at 3B: Don Miller
Now at SS: Dennis House
Pinch Hitting: RHB Juan López 0-0: Called Strike
0-1: Swinging Strike
0-2: Strikes out swinging
Pitching: LHP Miguel Pazo
Pinch Hitting: RHB Júlio García 0-0: Called Strike
0-1: Foul Ball, location: 2F
0-2: Ball
1-2: Foul Ball, location: 2F
1-2: Strikes out swinging
Batting: RHB Javier González 0-0: Ball
1-0: Foul Ball, location: 2F
1-1: Ground out 5-3 (Groundball, 5S)
Bottom of the 10th over - 0 run(s), 0 hit(s), 0 error(s), 0 left on base; Boise 6 - Washington DC 6
TOP OF THE 11TH
Boise White Sox batting - Pitching for Washington DC Hot Sauce : RHP Chris Jacobs
Now in LF: Júlio García
Now in RF: Francisco Luna
Batting: RHB Don Jackson 0-0: Called Strike
0-1: Fly out, F9 (Flyball, 89M)
Batting: SHB António Ramos 0-0: Ball
1-0: Called Strike
1-1: Swinging Strike
1-2: Foul Ball, location: 2F
1-2: Foul Ball, location: 2F
1-2: Foul Ball, location: 2F
1-2: Ball
2-2: Fly out, F9 (Flyball, 89M)
Batting: RHB Armando Vega 0-0: Foul Ball, location: 2F
0-1: Ball
1-1: Ball
2-1: Fly out, F9 (Flyball, 89M)
Top of the 11th over - 0 run(s), 0 hit(s), 0 error(s), 0 left on base; Boise 6 - Washington DC 6
BOTTOM OF THE 11TH
Washington DC Hot Sauce batting - Pitching for Boise White Sox : LHP Miguel Pazo
Batting: LHB John White 0-0: Ground out 4-3 (Groundball, 13)
Batting: SHB Tony Varela 0-0: Ball
1-0: Ball
2-0: Called Strike
2-1: Foul Ball, location: 2F
2-2: Ball
3-2: Strikes out swinging
Batting: RHB Jesús Ramírez 0-0: Ball
1-0: Called Strike
1-1: Foul Ball, location: 2F
1-2: Ball
2-2: Foul Ball, location: 2F
2-2: Ground out 1-3 (Groundball, 25)
Bottom of the 11th over - 0 run(s), 0 hit(s), 0 error(s), 0 left on base; Boise 6 - Washington DC 6
TOP OF THE 12TH
Boise White Sox batting - Pitching for Washington DC Hot Sauce : RHP Chris Jacobs
Batting: LHB Jorge Martínez 0-0: Called Strike
0-1: Ball
1-1: Called Strike
1-2: Ball
2-2: Strikes out swinging
Batting: RHB Roberto Ybarra 0-0: SINGLE (Groundball, 4M)
Batting: RHB Marcos Liñares 0-0: Ball
1-0: Called Strike
1-1: SINGLE (Line Drive, 4M)
Roberto Ybarra to second
Batting: RHB Bennie McGrath 0-0: Ball
1-0: SINGLE (Line Drive, 56)
Roberto Ybarra to third
Marcos Liñares to second
Pinch Hitting: RHB Jorge Barrios 0-0: Ball
1-0: Grounds into fielders choice 4-2 (Groundball, 34)
Marcos Liñares to third
Bennie McGrath to second
Batting: RHB Dennis House 0-0: Swinging Strike
0-1: Ball
1-1: Swinging Strike
1-2: Foul Ball, location: 2F
1-2: Ball
2-2: SINGLE (Line Drive, 7S)
Marcos Liñares scores
Bennie McGrath to third
Jorge Barrios to second
Runner from 3rd tries for Home, SAFE, no throw or cutoff
Batting: RHB Don Jackson 0-0: Ball
1-0: Called Strike
1-1: Ground out 6-3 (Groundball, 6)
Top of the 12th over - 2 run(s), 4 hit(s), 0 error(s), 2 left on base; Boise 8 - Washington DC 6
BOTTOM OF THE 12TH
Washington DC Hot Sauce batting - Pitching for Boise White Sox : LHP Miguel Pazo
Now at 3B: Jason Nava
Batting: LHB Arturo Silva 0-0: Ball
1-0: Ball
2-0: Called Strike
2-1: Foul Ball, location: 2F
2-2: Ball
3-2: Strikes out swinging
Batting: RHB Juan Vélez 0-0: Ground out 4-3 (Groundball, 34S)
Batting: RHB Matt O'Rourke 0-0: Foul Ball, location: 2F
0-1: Called Strike
0-2: Fly out, F6 (Popup, 6)
Bottom of the 12th over - 0 run(s), 0 hit(s), 0 error(s), 0 left on base; Boise 8 - Washington DC 6
Monday, December 5th, 2016 - OOTP Baseball 17.12 Build 75